 Dungeon Crawl Stone Soup version 0.27-a0-463-gec7707c53d (webtiles) character file.

Game seed: 10310853718203230350

147 mandarbmax the Ruffian (level 5, -9/41 HPs)
             Began as a Minotaur Transmuter on Feb 28, 2021.
             Shot with an arrow by a centaur (15 damage)
             ... on level 4 of the Dungeon.
             The game lasted 00:05:55 (1679 turns).

mandarbmax the Ruffian (Minotaur Transmuter)        Turns: 1679, Time: 00:05:55

Health: -9/41      AC:  3    Str: 14    XL:     5   Next: 7%
Magic:  7/7        EV: 12    Int: 11    God:
Gold:   49         SH:  0    Dex: 11    Spells: 5/8 levels left

rFire    . . .     SeeInvis .     - Unarmed
rCold    . . .     Faith    .   (no shield)
rNeg     . . .     Spirit   .   a - +1 robe
rPois    .         Reflect  .   (helmet restricted)
rElec    .         Harm     .   (no cloak)
rCorr    .         Rampage  .   (no gloves)
Will     .....                  (no boots)
Stlth    +.........             (no amulet)
HPRegen  0.13/turn              (no ring)
MPRegen  0.10/turn              (no ring)

@: about to teleport
A: retaliatory headbutt, horns 2
a: no special abilities


You were on level 4 of the Dungeon.
You visited 1 branch of the dungeon, and saw 3 of its levels.

You collected 49 gold pieces.

Inventory:

Armour
 a - a +1 robe (worn)
Scrolls
 c - a scroll of random uselessness
 i - a scroll of fear {unknown}


   Skills:
 - Level 2.0 Fighting
 - Level 2.1 Dodging
 + Level 5.5 Unarmed Combat
 - Level 2.0 Spellcasting
 - Level 2.0 Transmutations


You had 5 spell levels left.
You knew the following spells:

 Your Spells              Type           Power        Failure   Level
a - Beastly Appendage     Tmut           10%          13%         1
b - Wereblood             Tmut           5%           19%         2

Your spell library contained the following spells:

 Spells                   Type           Power        Failure   Level
 Spider Form              Tmut/Pois      1%           50%         3
 Ice Form                 Ice/Tmut       3%           88%         4
 Blade Hands              Tmut           2%           98%         5


Dungeon Overview and Level Annotations

Branches:
Dungeon (2/15)

Altars:
Fedhas
Vehumet


Innate Abilities, Weirdness & Mutations

You reflexively headbutt those who attack you in melee.
You have a pair of horns on your head.


Message History

A centaur is nearby!
A centaur is nearby!
A centaur is nearby!
A centaur is nearby!
A centaur is nearby!
A centaur is nearby!
A centaur is nearby!
A centaur is nearby!
A centaur is nearby!
You see here a hound corpse.
Something hits the bush.
Something hits the bush but does no damage.
Something hits the bush but does no damage.
Something hits the bush but does no damage.
You see here a +0 ring mail.
You start resting.
The centaur wields a +0 shortbow.
The centaur shoots an arrow.
The arrow barely misses you.
The centaur shoots an arrow.
The arrow barely misses you.
The centaur unwields a +0 shortbow.
The centaur hits the bush but does no damage.
You hit the bush but do no damage.
The centaur wields a +0 shortbow.
The centaur shoots an arrow.
The arrow hits you!
* * * LOW HITPOINT WARNING * * *
An iguana comes into view.
The centaur shoots an arrow.
The arrow hits you.
* * * LOW HITPOINT WARNING * * *
The centaur shoots an arrow.
The arrow misses you.
You are too injured to fight recklessly!
You feel better.
The centaur shoots an arrow.
The arrow hits you!
* * * LOW HITPOINT WARNING * * *
As you read the scroll labelled UKKIXESSIR, it crumbles to dust.
You feel strangely unstable.
It was a scroll of teleportation.
The centaur unwields a +0 shortbow.
The centaur hits the bush but does no damage.
The iguana hisses angrily.
The centaur wields a +0 shortbow.
The centaur shoots an arrow.
The arrow misses you.
The centaur shoots an arrow.
The arrow hits you!
You die...

##########
#.......@#######
...P.PPP..#...#.##
..#P.PcP.........#
PP_PPl#[.....###
.PPPP...........
..PP............
.......#†..$.....
..##.............
.......##.......


You could see a centaur and an iguana.

Vanquished Creatures
  A scorpion (D:4)
  A hound (D:4)
  A howler monkey skeleton (D:4)
  4 adders (D:2)
  A worm (D:2)
  A giant cockroach (D:1)
  2 goblins
  3 hobgoblins
  2 jackals (D:1)
  3 bats
  3 frilled lizards
  A kobold (D:2)
  7 rats
30 creatures vanquished.

Vanquished Creatures (others)
  A bat (D:2)
  A kobold (D:2)
2 creatures vanquished.

Grand Total: 32 creatures vanquished

Notes
Turn   | Place    | Note
-------+----------+-------------------------------------------
     0 | D:1      | mandarbmax the Minotaur Transmuter began the quest for the
                  | Orb.
     0 | D:1      | Reached XP level 1. HP: 16/16 MP: 1/1
   440 | D:1      | Reached XP level 2. HP: 20/24 MP: 0/3
   994 | D:2      | Reached XP level 3. HP: 22/29 MP: 5/5
   997 | D:2      | Learned a level 2 spell: Wereblood
  1377 | D:2      | Found a radiant altar of Vehumet.
  1539 | D:2      | Reached skill level 4 in Unarmed Combat
  1590 | D:2      | You fall into a shaft and drop 2 floors!
  1590 | D:4      | Noticed a centaur
  1591 | D:4      | Found a blossoming altar of Fedhas.
  1591 | D:4      | Noticed a scorpion
  1601 | D:4      | Killed a scorpion
  1602 | D:4      | Reached skill level 5 in Unarmed Combat
  1602 | D:4      | Reached XP level 4. HP: 13/36 MP: 0/6
  1625 | D:4      | Reached XP level 5. HP: 13/41 MP: 3/7
  1679 | D:4      | Shot with an arrow by a centaur

Illustrated notes

Levels and vault maps discovered:
D:1:      wander_arrival_estate, layout_basic
D:2:      layout_loops_corners, fiery_altar_vehumet
D:4:      layout_cave_pools, kennysheep_mini, serial_shops, shop,
          fedhas_bush_and_centaur_altar, uniq_eustachio

Skill      XL: |  1  2  3 |
---------------+----------+-----
Transmutations | 2 |  2.0
Fighting       | 2 |  2.0
Spellcasting   | 2 |  2.0
Unarmed Combat | 5 |  5.5
Dodging        | |  2.1

Action                   |  1- 3 |  4- 6 || total
-------------------------+-------+-------++-------
Melee: Unarmed           |    67 |    10 ||    77
       Kick              |    10 |       ||    10
       Headbutt          |     8 |       ||     8
       Punch             |     1 |       ||     1
 Cast: Beastly Appendage |    17 |       ||    17
       Wereblood         |     2 |       ||     2
  Use: Potion            |     3 |     1 ||     4
       Scroll            |     4 |     1 ||     5
Armor: Robe              |     9 |       ||     9
       Skin              |     3 |     9 ||    12
Dodge: Dodged            |    38 |     5 ||    43

Table legend: (Time is in decaauts)
 A = Elapsed time spent in this place.
 B = Non-inter-level travel time spent in this place.
 C = Inter-level travel time spent in this place.
 D = Time resting spent in this place.
 E = Time spent auto-exploring this place.
 F = Levels seen in this place.
 G = Mean time per level.
                   A        B        C        D        E       F      G
               +--------+--------+--------+--------+--------+-----+--------+
         Total |   1672 |   1638 |     34 |    363 |   1063 |   3 |  557.3 |
       Dungeon |   1672 |   1638 |     34 |    363 |   1063 |   3 |  557.3 |
               +--------+--------+--------+--------+--------+-----+--------+

Top non-repeatable levels by time:
     D:1: 901 daAuts
     D:2: 683 daAuts
     D:4: 87 daAuts
